[Event "*** Titled Tuesday Blitz"]
[Site "Chess.com"]
[Date "2020.04.14"]
[Round "8"]
[White "1stSecond"]
[Black "dmosesov"]
[Result "0-1"]
[WhiteElo "2699"]
[BlackElo "2550"]
[TimeControl "180+1"]
[EndTime "11:28:22 PDT"]
[Termination "dmosesov won by checkmate"]

1. Nf3 c5 2. g3 Nc6 3. Bg2 g6 4.
c4 Bg7 5. Nc3 e6 6. d3 Nge7 7.
h4 h6 8. Qd2 d5 9. b3 O-O 10.
Bb2 a6 11. Na4 Qd6 12. Bxg7 Kxg7 13. cxd5 Nxd5 14. Rc1 b6 15. d4 cxd4 16. Nxd4 Ne5 17. h5 g5 18. f4 Ng4 19. e4 Nde3 20. Nf5+ Nxf5 21. exf5 Qxd2+ 22. Kxd2 Rb8 23. Bf3 Rd8+ 24. Ke2 exf5 25. fxg5 hxg5 26. Bxg4 fxg4 27. h6+ Kh7 28.
Rc7 Be6 29. Ke3 Rd6 30. Ke4 Rbd8 31. Ke5 Kg6 32. Nc3 Bf5 33. Re7 f6# 0-1

[Event "*** Titled Tuesday Blitz"]
[Site "Chess.com"]
[Date "2020.04.14"]
[Round "8"]
[White "MateSchmate"]
[Black "donotreadit"]
[Result "0-1"]
[WhiteElo "2566"]
[BlackElo "2710"]
[TimeControl "180+1"]
[EndTime "11:28:22 PDT"]
[Termination "donotreadit won by checkmate"]

1. e4 d6 2. f4 d5 3. e5 c5 4. Nf3 Nc6 5. c3 Bg4 6. h3 Bxf3 7. Qxf3 e6 8. Na3 h5 9. g3 Nge7 10. Nc2 Nf5 11. Ne3 g6 12. Bg2 Be7 13. Nxf5 gxf5 14. d3 Qb6 15. Qe2 O-O-O 16. b3 Rdg8 17. Qf2 Qd8 18.
h4 Rg7 19. Qf3 Rhg8 20. Rh3 Rxg3 21. Rxg3 Bxh4 22. Qxh5 Rxg3 23. Kf1 Qg8 24. Qxh4 Rxg2 25. Be3 b6 26. a4 Rb2 27. Bf2 Qg4 28. Qxg4 fxg4 29.
a5 Nxa5 30. Bxc5 Nxb3 31. Ba3 Rh2 32. Rd1 Nd2+ 33. Kg1 Nf3+ 34. Kf1 g3 35. Bc5 bxc5 36. Rd2 Rxd2 37. d4 Rf2# 0-1

[Event "*** Titled Tuesday Blitz"]
[Site "Chess.com"]
[Date "2020.04.14"]
[Round "8"]
[White "KarstenHansch"]
[Black "ZiggyStardust64"]
[Result "1/2-1/2"]
[WhiteElo "2454"]
[BlackElo "2598"]
[TimeControl "180+1"]
[EndTime "11:28:23 PDT"]
[Termination "Game drawn by repetition"]

1. e4 e6 2. d4 d5 3. exd5 exd5 4. Nf3 Nf6 5. Bd3 c5 6. O-O Nc6 7. Re1+ Be7 8. dxc5 O-O 9. Bg5 Bxc5 10. Nc3 h6 11.
Bxf6 Qxf6 12. Nxd5 Qxb2 13. Rb1 Qa3 14. Rb3 Qa5 15. Rb5 Qa3 16. Rb3 Qxa2 17. Bb5 Be6 18. Rd3 Rad8 19. Bxc6 bxc6 20. Nf6+ gxf6 21. Rxd8 Qc4 22.
Rxf8+ Kxf8 23. Qd2 Kg7 24. Qd3 Qxd3 25. cxd3 a5 26.
Ra1 Bb4 27. Nd4 Bd5 28. Nc2 Bd2 29. Kf1 Bb3 30. Nd4 Bd5 31. Nc2 Bb3 32. Nd4 Bd5 33.
Nc2 1/2-1/2

[Event "*** Titled Tuesday Blitz"]
[Site "Chess.com"]
[Date "2020.04.14"]
[Round "8"]
[White "Stewie_89"]
[Black "BahadirOzen"]
[Result "1/2-1/2"]
[WhiteElo "2639"]
[BlackElo "2824"]
[TimeControl "180+1"]
[EndTime "11:28:26 PDT"]
[Termination "Game drawn by agreement"]

1. e4 e5 2. Nf3 Nc6 3. Bb5 Nf6 4. O-O Nxe4 5. d4 Nd6 6. dxe5 Nxb5 7. a4 Nbd4 8. Nxd4 Nxd4 9. Qxd4 d5 10. exd6 Qxd6 11. Qe3+ Be6 12. Nc3 a6 13. Ne4 Qc6 14. Bd2 O-O-O 15.
Bc3 Kb8 16. Rfd1 Re8 17. Qd4 Bc8 18. Re1 f6 19. Ng3 Bc5 20. Qf4 Rxe1+ 21. Rxe1 Re8 22. Rxe8 Qxe8 23. Qe4 Qxe4 24. Nxe4 Be7 25. f3 b6 26. Kf2 Kb7 27. Ke3 Kc6 28. b3 Kd5 29. g4 Ke6 30. h3 Bb7 31. Ng3 g6 32. h4 Bd6 33.
f4 1/2-1/2

[Event "*** Titled Tuesday Blitz"]
[Site "Chess.com"]
[Date "2020.04.14"]
[Round "8"]
[White "NTBT_DHS"]
[Black "Suleyman_Chess06"]
[Result "1-0"]
[WhiteElo "2556"]
[BlackElo "2246"]
[TimeControl "180+1"]
[EndTime "11:28:29 PDT"]
[Termination "NTBT_DHS won by checkmate"]

1. d4 e6 2. c4 d5 3. Nf3 Nf6 4. g3 Be7 5. Bg2 O-O 6. O-O b6 7. cxd5 exd5 8. Bf4 Bb7 9. Nc3 Nbd7 10. Ne5 a6 11.
Rc1 Bd6 12. Qb3 Ne4 13. Nxd5 Bxe5 14. dxe5 Ndc5 15. Qe3 Qxd5 16. b4 Ne6 17. Rfd1 Qxa2 18. Bxe4 Bxe4 19. Qxe4 Nxf4 20. gxf4 Qa4 21. Rd4 Rac8 22.
f5 h6 23. f6 g5 24. e6 Rce8 25. exf7+ Rxf7 26. Qg6+ Kf8 27. Qxh6+ Kg8 28. Qxg5+ Kh8 29. Rh4+ Rh7 30. Qg7# 1-0

[Event "*** Titled Tuesday Blitz"]
[Site "Chess.com"]
[Date "2020.04.14"]
[Round "8"]
[White "krasavetc"]
[Black "ahachess"]
[Result "1-0"]
[WhiteElo "2500"]
[BlackElo "2336"]
[TimeControl "180+1"]
[EndTime "11:28:30 PDT"]
[Termination "krasavetc won by resignation"]

1. e4 c5 2. Nf3 d6 3. d4 cxd4 4.
Nxd4 Nf6 5. Nc3 g6 6. Bc4 Bg7 7. Be3 a6 8. Bb3 Nbd7 9. f3 h5 10. Qd2 Qc7 11. O-O-O b5 12. Kb1 Bb7 13. h3 h4 14. Bg5 Nb6 15. Rhe1 Nc4 16. Bxc4 bxc4 17. f4 Rb8 18. e5 dxe5 19. fxe5 Nd5 20. e6 Nxc3+ 21.
Qxc3 f6 22. Bc1 Bxg2 23. Qe3 f5 24. Rg1 Be4 25. Rxg6 Bf6 26. Rdg1 Rf8 27. Rg8 Qe5 28. Qh6 Bxc2+ 29. Kxc2 Qe4+ 30. Kd1 Qxd4+ 31. Bd2 Qxg1+ 32. Rxg1 Rxb2 33. Qxf8+ Kxf8 34. Bh6+ 1-0

[Event "*** Titled Tuesday Blitz"]
[Site "Chess.com"]
[Date "2020.04.14"]
[Round "8"]
[White "Mbneu"]
[Black "SameerMujumdar"]
[Result "1-0"]
[WhiteElo "2215"]
[BlackElo "2375"]
[TimeControl "180+1"]
[EndTime "11:28:30 PDT"]
[Termination "Mbneu won by resignation"]

1. d4 Nf6 2. c4 e6 3. Nc3 Bb4 4. Bg5 d5 5. Nf3 Nbd7 6. a3 Be7 7. g3 O-O 8. Bg2 c6 9. O-O h6 10. Bf4 dxc4 11. Nd2 Nd5 12. Nxc4 Nxf4 13. gxf4 Nb6 14. Ne5 Bd7 15. Kh1 Nd5 16. e3 Rc8 17. Rg1 Nxc3 18. bxc3 Be8 19. Be4 b6 20. Qg4 Bf6 21. Qg2 c5 22. Ng4 Kh8 23. Qh3 Bh4 24. f5 exf5 25.
Bxf5 Bc6+ 26. f3 Rc7 27. Ne5 Ba8 28. Rg4 Bf6 29. Rag1 cxd4 30. cxd4 Rc3 31. Qg3 Bxe5 32. dxe5 Rxe3 33. Rxg7 1-0

[Event "*** Titled Tuesday Blitz"]
[Site "Chess.com"]
[Date "2020.04.14"]
[Round "8"]
[White "blitzking1729"]
[Black "giantslayer83"]
[Result "0-1"]
[WhiteElo "2584"]
[BlackElo "2729"]
[TimeControl "180+1"]
[EndTime "11:28:31 PDT"]
[Termination "giantslayer83 won by resignation"]

1. d4 Nf6 2. c4 e6 3. Nf3 d5 4.
Nc3 Bb4 5. Qa4+ Nc6 6. e3 O-O 7.
Bd2 a6 8. Bd3 dxc4 9. Bxc4 Bd6 10. Qc2 e5 11. d5 Nb4 12. Qb1 b5 13. Bb3 e4 14. Nd4 Nd3+ 15. Kf1 Qe8 16. Bc2 Bb7 17. f3 Nb4 18. Bxe4 Nbxd5 19. Nxd5 Bxd5 20. Bxd5 Nxd5 21. Kf2 Rd8 22. Re1 Bc5 23. Qc2 Bb6 24.
Nc6 Rd6 25. Rac1 Nf4 26. Bb4 Nd3+ 27. Kg1 Nxe1 28. Rxe1 Qxc6 29. Qxc6 Rxc6 30. Bxf8 Kxf8 31. Rd1 Ke7 32. Rd2 0-1

[Event "*** Titled Tuesday Blitz"]
[Site "Chess.com"]
[Date "2020.04.14"]
[Round "8"]
[White "yudinetz"]
[Black "Saxar85"]
[Result "0-1"]
[WhiteElo "2442"]
[BlackElo "2605"]
[TimeControl "180+1"]
[EndTime "11:28:31 PDT"]
[Termination "Saxar85 won by resignation"]

1. e4 e5 2. Nf3 Nc6 3. Bb5 a6 4. Ba4 Nf6 5. O-O Be7 6. Re1 b5 7. Bb3 O-O 8. a4 Bb7 9. d3 d6 10. Nc3 Na5 11. Ba2 b4 12. Nd5 Nxd5 13. exd5 b3 14.
cxb3 Bxd5 15. b4 Bxa2 16. Rxa2 Nc6 17. Bd2 Qd7 18. Qa1 Rab8 19. b5 axb5 20. a5 b4 21. a6 Na7 22. d4 exd4 23. Nxd4 Bf6 24. Be3 c5 25. Nb3 Qb5 26. Qc1 Nc6 27. Rd1 Rfd8 28. Rd5 Ra8 29. a7 Rxa7 30. Rxa7 Nxa7 31. Bg5 Bxg5 32. Qxg5 Re8 33. h4 Nc8 34. h5 h6 35. Qg4 Qe2 36. Qg3 Qxb2 37. Nd2 Qc2 38. Nf3 b3 0-1

[Event "*** Titled Tuesday Blitz"]
[Site "Chess.com"]
[Date "2020.04.14"]
[Round "8"]
[White "TST2014"]
[Black "ahappypawn"]
[Result "1-0"]
[WhiteElo "2528"]
[BlackElo "2323"]
[TimeControl "180+1"]
[EndTime "11:28:31 PDT"]
[Termination "TST2014 won by resignation"]

1. d4 d5 2. c4 e6 3. Nf3 a6 4.
Bg5 Nf6 5. e3 dxc4 6. Bxc4 b5 7.
Be2 Bb7 8. a4 b4 9. Nbd2 Nbd7 10. O-O h6 11. Bh4 c5 12. Nc4 Bd5 13. Rc1 Rc8 14.
Nce5 g5 15. Bg3 Qb6 16. a5 Qb7 17. Qd3 Nxe5 18. Nxe5 Bxg2 19. Qxa6 Qxa6 20. Bxa6 Ra8 21. Bb5+ Ke7 22. Kxg2 Bg7 23. Nc6+ Kf8 24. a6 cxd4 25. Bd6+ Kg8 26. exd4 Nd5 27. a7 Kh7 28. Bd3+ f5 29.
Rfe1 Rhc8 30. Rxe6 Rxa7 31. Bxf5+ Kh8 32. Nxa7 Rxc1 33.
Re8+ 1-0

[Event "*** Titled Tuesday Blitz"]
[Site "Chess.com"]
[Date "2020.04.14"]
[Round "8"]
[White "RATNAKARAN"]
[Black "abhidabhi"]
[Result "0-1"]
[WhiteElo "2577"]
[BlackElo "2752"]
[TimeControl "180+1"]
[EndTime "11:28:33 PDT"]
[Termination "abhidabhi won by checkmate"]

1. e4 e5 2. Nf3 Nc6 3. Bb5 a6 4. Ba4 Nf6 5. d3 Bc5 6. c3 b5 7.
Bc2 d6 8. Bg5 h6 9. Bh4 Ba7 10.
Nbd2 Qe7 11. h3 Bd7 12. Qe2 g5 13. Bg3 O-O 14. Nf1 Nh5 15. Nxe5 Nxe5 16. Qxh5 f5 17. Bxe5 dxe5 18. O-O-O Rf6 19. Ne3 Bxe3+ 20. fxe3 b4 21.
exf5 bxc3 22. bxc3 Rb8 23. e4 Qc5 24. Kd2 Rc6 25. Bb3+ Kg7 26. Rhf1 Rxb3 27. axb3 Qxc3+ 28. Ke2 Qxb3 29. f6+ Kh7 30. f7 Rc2+ 31. Kf3 Bf5 32. exf5 Qd5+ 33. Ke3 Qd4+ 34. Kf3 Qf4# 0-1

[Event "*** Titled Tuesday Blitz"]
[Site "Chess.com"]
[Date "2020.04.14"]
[Round "8"]
[White "aakankshachess"]
[Black "allvim"]
[Result "1-0"]
[WhiteElo "2450"]
[BlackElo "2286"]
[TimeControl "180+1"]
[EndTime "11:28:34 PDT"]
[Termination "aakankshachess won by resignation"]

1. e4 c5 2. Nf3 d6 3. Bb5+ Bd7 4. Bxd7+ Qxd7 5. c4 Nc6 6. d4 cxd4 7. Nxd4 e6 8.
Nc3 Nf6 9. O-O Be7 10. Re1 O-O 11. b3 a6 12. Ba3 Rac8 13. Qd2 Rfd8 14. Rad1 Qc7 15.
Nxc6 bxc6 16. Na4 Bf8 17. Bb2 Nd7 18. Bc3 Re8 19. Ba5 Qb8 20. Qf4 d5 21. Qxb8 Nxb8 22. exd5 cxd5 23. cxd5 exd5 24. Rxe8 Rxe8 25. Rxd5 Re2 26.
a3 Ra2 27. g3 Rxa3 28. Rd3 Nc6 29. Bb6 Ne5 30. Rd8 Nf3+ 31. Kg2 Ng5 32. Rxf8+ Kxf8 33. Bc5+ Ke8 34. Bxa3 Ne6 35. Nc5 Nd4 36. Bb2 Nb5 37. Nxa6 f6 1-0

[Event "*** Titled Tuesday Blitz"]
[Site "Chess.com"]
[Date "2020.04.14"]
[Round "8"]
[White "Gandrade2"]
[Black "ferdipy"]
[Result "0-1"]
[WhiteElo "1986"]
[BlackElo "2195"]
[TimeControl "180+1"]
[EndTime "11:28:34 PDT"]
[Termination "ferdipy won on time"]

1. d4 e5 2. dxe5 d6 3. Nf3 Nc6 4. Nc3 Bg4 5. e4 Nxe5 6. Be2 Qe7 7. O-O O-O-O 8. Be3 a6 9. b4 Nf6 10. b5 axb5 11. Nxb5 Nxe4 12. Rb1 Nxf3+ 13. Bxf3 Bxf3 14.
Qxf3 g6 15. Na7+ Kd7 16. Rxb7 f5 17. Rd1 Bg7 18. Bb6 Rc8 19. Nxc8 Rxc8 20. Ba5 Qe6 21.
h3 Qxa2 22. Bb4 Qxc2 23. Rxd6+ Nxd6 24. Kh2 Nxb7 25. Qd5+ Nd6 26. Bxd6 cxd6 27. Qb5+ Qc6 28. Qe2 Be5+ 29. g3 Qe4 30. Qa2 Rc2 0-1

[Event "*** Titled Tuesday Blitz"]
[Site "Chess.com"]
[Date "2020.04.14"]
[Round "8"]
[White "KerryStead"]
[Black "powermove"]
[Result "1-0"]
[WhiteElo "2157"]
[BlackElo "1503"]
[TimeControl "180+1"]
[EndTime "11:28:36 PDT"]
[Termination "KerryStead won on time"]

1. d4 Nf6 2. f3 d5 3. e4 dxe4 4. Nc3 e3 5. Bxe3 e6 6. Bd3 Bb4 7. Ne2 O-O 8. a3 Ba5 9. b4 Bb6 10. Ne4 Nxe4 11. fxe4 e5 12. c3 Nc6 13. Bc2 Bg4 14.
Qd2 Bxe2 15. Kxe2 exd4 16. cxd4 Qh4 17. Rad1 Rad8 18. Qc3 Qg4+ 19. Kf2 Rd6 20. Rhe1 Rg6 21. g3 Rf6+ 22. Kg1 Rf3 23. Kg2 Rd8 24. d5 Bxe3 25.
Rxe3 Rxe3 26. Qxe3 Ne5 27. Rf1 Rd6 28. Bd1 1-0

[Event "*** Titled Tuesday Blitz"]
[Site "Chess.com"]
[Date "2020.04.14"]
[Round "8"]
[White "avantage_ru"]
[Black "Kotofeyca"]
[Result "1-0"]
[WhiteElo "2546"]
[BlackElo "2379"]
[TimeControl "180+1"]
[EndTime "11:28:37 PDT"]
[Termination "avantage_ru won by resignation"]

1. b3 d5 2. Bb2 Bg4 3. h3 Bh5 4. g3 c6 5. Bg2 Nd7 6. Nf3 f6 7. d4 e6 8. O-O Bd6 9. Nbd2 f5 10. c4 Ngf6 11. a4 Qe7 12. Qc1 Ne4 13.
e3 O-O 14. Ba3 Bxa3 15. Qxa3 Qxa3 16. Rxa3 Bxf3 17. Nxf3 a5 18. Rc1 Kf7 19. Ne1 Ke7 20. Nd3 g5 21. g4 fxg4 22. hxg4 Nd2 23. Rc2 Nf3+ 24. Bxf3 Rxf3 25. Kg2 Rf6 26. Ra1 Rh6 27. Rb1 Rh4 28. f3 Kd6 29. Rh1 Rxh1 30. Kxh1 h5 31.
gxh5 Rh8 32. Rh2 Rh6 33. Nf2 Nf6 34. Ng4 Nxg4 35. fxg4 e5 36. Rf2 Ke6 37. Kg2 e4 38. Rf5 Rf6 39. Rxf6+ Kxf6 40. c5 Ke6 41. Kf2 Kf6 42.
Ke2 Ke6 43. Kd2 Kf6 44. Kc3 Kg7 45. b4 Kh6 46. bxa5 Kg7 47. Kb4 Kf6 48. a6 b6 49.
cxb6 1-0

[Event "*** Titled Tuesday Blitz"]
[Site "Chess.com"]
[Date "2020.04.14"]
[Round "8"]
[White "Vojtastr"]
[Black "GianmarcoVaR"]
[Result "0-1"]
[WhiteElo "2480"]
[BlackElo "2626"]
[TimeControl "180+1"]
[EndTime "11:28:38 PDT"]
[Termination "GianmarcoVaR won by resignation"]

1. c4 e5 2. Nc3 Nc6 3. Nf3 Nf6 4. e4 Bc5 5. Nxe5 Nxe5 6. d4 d6 7. f4 Bxd4 8. Qxd4 Nc6 9. Qd2 O-O 10. Bd3 Re8 11.
O-O Nd7 12. b3 Nc5 13. Bb1 a5 14. Bb2 a4 15. bxa4 Nxa4 16. Nxa4 Rxa4 17. Bd3 Be6 18.
Qc3 f6 19. a3 Qa8 20. Kh1 Qa5 21. Qc2 h6 22. Rac1 Rxa3 23. Bxa3 Qxa3 24. c5 Nb4 25.
Qc3 Qxc3 26. Rxc3 Nxd3 27. Rxd3 Bc4 28. Rfd1 Bxd3 29. Rxd3 Rxe4 30. Kg1 dxc5 31. Rd7 Rxf4 32. Rxc7 b6 33. Rc6 Rb4 0-1

[Event "*** Titled Tuesday Blitz"]
[Site "Chess.com"]
[Date "2020.04.14"]
[Round "8"]
[White "erlesfar"]
[Black "asimali1977"]
[Result "1-0"]
[WhiteElo "2258"]
[BlackElo "1987"]
[TimeControl "180+1"]
[EndTime "11:28:38 PDT"]
[Termination "erlesfar won by checkmate"]

1. e4 g6 2. d4 Bg7 3. Nc3 c5 4.
dxc5 Nc6 5. Nf3 Nf6 6. Bc4 O-O 7. O-O b6 8. cxb6 axb6 9. h3 d6 10. Bg5 Bb7 11. Re1 h6 12. Bh4 Nd7 13. Bb3 Nc5 14. Bd5 Qd7 15. a3 Rfc8 16. Qd2 e6 17. Ba2 Ne5 18. Nxe5 Bxe5 19. Qxh6 Qc6 20. Nd5 exd5 21.
Bxd5 Qc7 22. Qxg6+ Kf8 23. Qh6+ Bg7 24. Qf4 Bxd5 25.
exd5 Nd7 26. Re7 Qxc2 27. Qxf7# 1-0

[Event "*** Titled Tuesday Blitz"]
[Site "Chess.com"]
[Date "2020.04.14"]
[Round "8"]
[White "przemekpiotrowski"]
[Black "AlanZhang"]
[Result "1-0"]
[WhiteElo "2398"]
[BlackElo "2182"]
[TimeControl "180+1"]
[EndTime "11:28:43 PDT"]
[Termination "przemekpiotrowski won on time"]

1. d4 Nf6 2. Nf3 d5 3. g3 e6 4. Bg2 Be7 5. O-O O-O 6. c4 c6 7.
Nc3 Nbd7 8. b3 a6 9. c5 Ne4 10. Nxe4 dxe4 11. Nd2 f5 12. Nc4 Bf6 13. Bf4 b6 14.
Bd6 Rf7 15. b4 a5 16. a3 Ba6 17. Ne5 Nxe5 18. dxe5 Be7 19. Qc2 bxc5 20. bxc5 Bxd6 21. cxd6 Qc8 22. Rfc1 Rb8 23. f3 Rb5 24. Qc3 exf3 25. Bxf3 Bb7 26. Rab1 Qb8 27. Rxb5 cxb5 28. Bxb7 Rc7 29.
dxc7 1-0

[Event "*** Titled Tuesday Blitz"]
[Site "Chess.com"]
[Date "2020.04.14"]
[Round "8"]
[White "SuperCheese"]
[Black "tsvet2005"]
[Result "1-0"]
[WhiteElo "2527"]
[BlackElo "2663"]
[TimeControl "180+1"]
[EndTime "11:28:44 PDT"]
[Termination "SuperCheese won by resignation"]

1. d4 d5 2. c4 e6 3. Nf3 Nf6 4. Nc3 c6 5. g3 dxc4 6. Bg2 b5 7.
O-O Nbd7 8. e4 Bb7 9. Qe2 Be7 10. Rd1 O-O 11. a4 a6 12. axb5 cxb5 13. d5 exd5 14.
e5 Ne8 15. Nxd5 Nc7 16. Nxc7 Qxc7 17. Bf4 Nc5 18. e6 Qc6 19. Nh4 Qb6 20. Nf5 Bf6 21. Rd6 Qc7 22. e7 Rfe8 23. Rxf6 Qd7 24. Qg4 g6 25.
Nh6+ Kh8 26. Rxf7 Rxe7 27. Qxd7 1-0

[Event "*** Titled Tuesday Blitz"]
[Site "Chess.com"]
[Date "2020.04.14"]
[Round "8"]
[White "DinaBelenkaya"]
[Black "davigator"]
[Result "1-0"]
[WhiteElo "2196"]
[BlackElo "2345"]
[TimeControl "180+1"]
[EndTime "11:28:44 PDT"]
[Termination "DinaBelenkaya won by checkmate"]

1. e4 c5 2. Nc3 Nc6 3. d3 g6 4.
g3 d6 5. Nge2 Bg7 6. Bg2 e6 7.
Be3 Nf6 8. h3 O-O 9. O-O Rb8 10.
Qc1 Re8 11. Bh6 Bh8 12. f4 Nd7 13. f5 Nce5 14. Qf4 Bf6 15. h4 b5 16. Bh3 b4 17.
Nd1 Rb7 18. Ne3 Bg7 19. Rf2 Nf6 20. Bxg7 Kxg7 21. g4 Ng8 22. g5 f6 23. Raf1 Rf7 24.
fxe6 Bxe6 25. Bxe6 Rxe6 26. Nd5 fxg5 27. Qxg5 Qxg5+ 28. hxg5 Rxf2 29. Rxf2 Re8 30. Nef4 Nf7 31. Nc7 Re5 32. Nfe6+ Kh8 33. Rxf7 h6 34. Nf8 Re7 35.
Nxg6# 1-0

[Event "*** Titled Tuesday Blitz"]
[Site "Chess.com"]
[Date "2020.04.14"]
[Round "8"]
[White "Chessalary"]
[Black "SahaNeelash"]
[Result "1-0"]
[WhiteElo "2330"]
[BlackElo "2548"]
[TimeControl "180+1"]
[EndTime "11:28:45 PDT"]
[Termination "Chessalary won by resignation"]

1. e4 e6 2. d4 d5 3. Nd2 Be7 4. Bd3 c5 5. dxc5 Nf6 6. Ngf3 dxe4 7. Nxe4 Nxe4 8. Bxe4 Qxd1+ 9. Kxd1 Bxc5 10. Ke2 Nd7 11.
Bf4 Nf6 12. Bd3 Bd7 13. Ne5 a6 14. f3 Rd8 15. Rad1 Bc8 16. c4 h6 17. Bg6 Rf8 18. Bxf7+ Ke7 19. Bg6 Bd4 20. Bc2 Rfe8 21. b3 Nh5 22. Ng6+ Kf6 23. Rxd4 Rxd4 24. Be5+ Kf7 25. Bxd4 e5 26. Nxe5+ 1-0

[Event "*** Titled Tuesday Blitz"]
[Site "Chess.com"]
[Date "2020.04.14"]
[Round "8"]
[White "english_player_89"]
[Black "2165149677570"]
[Result "1-0"]
[WhiteElo "2510"]
[BlackElo "2305"]
[TimeControl "180+1"]
[EndTime "11:28:45 PDT"]
[Termination "english_player_89 won by resignation"]

1. e4 c5 2. Ne2 Nc6 3. g3 e5 4. Bg2 g6 5. c3 Bg7 6. O-O Nge7 7. Na3 d6 8. Nc2 O-O 9. d4 exd4 10. cxd4 Qc7 11.
Be3 b6 12. Nc3 Ba6 13. Re1 Rfe8 14. Qd2 Rad8 15. Rad1 Na5 16. Bf4 Qc8 17. Qc1 cxd4 18. Nxd4 Nec6 19. Nf3 Ne5 20. Bh6 Nd3 21. Rxd3 Bxd3 22.
Bxg7 Kxg7 23. h4 Qc5 24. Qd2 Ba6 25. Nd5 Nc4 26. Qg5 Re6 27. h5 Ne5 28. h6+ Kg8 29. Qxd8+ 1-0

[Event "*** Titled Tuesday Blitz"]
[Site "Chess.com"]
[Date "2020.04.14"]
[Round "8"]
[White "chito89"]
[Black "nihalsarin"]
[Result "0-1"]
[WhiteElo "2790"]
[BlackElo "3054"]
[TimeControl "180+1"]
[EndTime "11:28:46 PDT"]
[Termination "nihalsarin won by resignation"]

1. e4 c5 2. Nf3 Nc6 3. Nc3 e5 4. Bc4 Be7 5. d3 d6 6. O-O Nf6 7. Bg5 O-O 8. Bxf6 Bxf6 9. a4 Be6 10. Nd5 g6 11. c3 Bg7 12. Rb1 Rc8 13. h3 h5 14. b4 cxb4 15. cxb4 Bh6 16. Qb3 Kg7 17.
Rfd1 g5 18. Ne3 g4 19. hxg4 Bxe3 20. fxe3 hxg4 21. Bxe6 fxe6 22. Nh2 g3 23. Nf3 Rxf3 24. gxf3 Qh4 0-1

[Event "*** Titled Tuesday Blitz"]
[Site "Chess.com"]
[Date "2020.04.14"]
[Round "8"]
[White "Riazantsev"]
[Black "Keks2017"]
[Result "1-0"]
[WhiteElo "2634"]
[BlackElo "2482"]
[TimeControl "180+1"]
[EndTime "11:28:46 PDT"]
[Termination "Riazantsev won by resignation"]

1. d4 d6 2. Nf3 Nf6 3. Nc3 g6 4. e4 Bg7 5. Be3 O-O 6. Qd2 a6 7. Bh6 b5 8. Bd3 Nc6 9. h3 e5 10. d5 Ne7 11. g4 c5 12. dxc6 Nxc6 13. Bxg7 Kxg7 14. O-O-O Be6 15. Ng5 Qe7 16. Nxe6+ Qxe6 17. Kb1 Rfd8 18. f3 Ne7 19. f4 exf4 20. Qxf4 Qe5 21.
Qf2 Nd7 22. Rhf1 Rf8 23. Be2 Nc5 24. Bf3 Rac8 25. Nd5 Nxd5 26. Rxd5 Qf6 27. g5 Qe7 28.
Qd4+ Kg8 29. Rxd6 Ne6 30. Qd2 Rfd8 31. e5 Qxg5 32. Qxg5 Nxg5 33. Bb7 Rxd6 34. exd6 Rd8 35. h4 Ne6 36. Bxa6 Rxd6 37. Bxb5 Kg7 38. a4 Nd4 39. c3 Nxb5 40. axb5 f5 41. c4 Kf6 42. c5 Rd4 43.
b6 Ke6 44. c6 Rb4 45. c7 Kd7 46. Rd1+ 1-0

[Event "*** Titled Tuesday Blitz"]
[Site "Chess.com"]
[Date "2020.04.14"]
[Round "8"]
[White "BAS8892"]
[Black "mishanick"]
[Result "0-1"]
[WhiteElo "2660"]
[BlackElo "2989"]
[TimeControl "180+1"]
[EndTime "11:28:47 PDT"]
[Termination "mishanick won by resignation"]

1. d4 Nf6 2. Bf4 d5 3. e3 c5 4. c3 Nc6 5. Nd2 e6 6. Ngf3 cxd4 7. exd4 Nh5 8. Bg3 Bd6 9. Bd3 Nf4 10. Bxf4 Bxf4 11. g3 Bd6 12. Qe2 O-O 13. O-O-O h6 14. h4 b5 15. Kb1 b4 16. c4 dxc4 17. Nxc4 Bb7 18. Qe4 g6 19. Qe3 Kg7 20. h5 g5 21.
Nxd6 Qxd6 22. Nxg5 Qxd4 23. Qf3 hxg5 24. h6+ Kh8 25. Be4 Qe5 26. Bxc6 Bxc6 27. Qxc6 Rac8 28. Qb7 a5 29. Rhe1 Qf5+ 30. Ka1 Qxf2 31. Rf1 Qc2 32. Qb5 Rc5 33. Qd7 Rfc8 34. Rb1 Qg6 35. Rxf7 Qxb1+ 0-1

[Event "*** Titled Tuesday Blitz"]
[Site "Chess.com"]
[Date "2020.04.14"]
[Round "8"]
[White "TheFireChess"]
[Black "Haridaskesavan"]
[Result "0-1"]
[WhiteElo "2408"]
[BlackElo "2225"]
[TimeControl "180+1"]
[EndTime "11:28:47 PDT"]
[Termination "Haridaskesavan won on time"]

1. e4 e5 2. Nf3 Nc6 3. Bc4 Nf6 4. d3 Be7 5. c3 O-O 6. Nbd2 d5 7. Bb5 dxe4 8. dxe4 Bg4 9. h3 Bh5 10. g4 Bg6 11.
Qe2 Bc5 12. g5 Nh5 13. Nb3 Bd6 14. h4 Qe7 15. Bd2 Nf4 16. Bxf4 exf4 17. Nbd2 Bh5 18.
Bxc6 bxc6 19. O-O-O Rfe8 20. Rhe1 Bc5 21. Nb3 Bb6 22. Rd3 a5 23. Kb1 a4 24. Nc1 a3 25. b3 c5 26. Rd5 c4 0-1

[Event "*** Titled Tuesday Blitz"]
[Site "Chess.com"]
[Date "2020.04.14"]
[Round "8"]
[White "Storne89"]
[Black "Msb2"]
[Result "1-0"]
[WhiteElo "2624"]
[BlackElo "2873"]
[TimeControl "180+1"]
[EndTime "11:28:48 PDT"]
[Termination "Storne89 won by resignation"]

1. e4 e6 2. d4 d5 3. Nc3 Nf6 4.
Bg5 dxe4 5. Nxe4 Be7 6. Bxf6 Bxf6 7. Nf3 Nd7 8. Qd2 O-O 9. O-O-O Be7 10. h4 c5 11. Bd3 cxd4 12. Nfg5 h6 13. f4 Rb8 14. g4 b5 15. Nf3 f5 16. gxf5 exf5 17. Ng3 Nc5 18.
Ne5 Qd5 19. Kb1 Be6 20. b3 Bf6 21. Rhe1 Nxd3 22. Qxd3 Rbe8 23. Nh5 Kh7 24. Rg1 Qe4 25. Qg3 Re7 26. Ng6 Rc8 27. Nxf6+ gxf6 28. Nxe7 Qxc2+ 29. Ka1 Qc3+ 30. Qxc3 dxc3 31. Nxc8 Bxc8 32. b4 1-0

[Event "*** Titled Tuesday Blitz"]
[Site "Chess.com"]
[Date "2020.04.14"]
[Round "8"]
[White "TheCount"]
[Black "K_A_S_T_O_R"]
[Result "0-1"]
[WhiteElo "2599"]
[BlackElo "2821"]
[TimeControl "180+1"]
[EndTime "11:28:48 PDT"]
[Termination "K_A_S_T_O_R won on time"]

1. e4 c5 2. Nf3 d6 3. d4 cxd4 4. Nxd4 Nf6 5. Nc3 a6 6. Bg5 e6 7. Qe2 h6 8. Be3 b5 9. O-O-O Nbd7 10. f3 Bb7 11. g4 Qa5 12. Nb3 Qc7 13. h4 b4 14. Nb1 d5 15. Rg1 dxe4 16. f4 Nd5 17. f5 Rc8 18. fxe6 fxe6 19. Rg2 Bd6 20. Nd4 Nxe3 21. Nxe6 Qb6 22. Rxd6 Qxd6 23. Nxg7+ Kf7 24. Qxe3 Kxg7 25. Rd2 Qe7 26. g5 hxg5 27. hxg5 Ne5 28. Bg2 Rhd8 29. Bxe4 Nc4 0-1

[Event "*** Titled Tuesday Blitz"]
[Site "Chess.com"]
[Date "2020.04.14"]
[Round "8"]
[White "JMatias"]
[Black "nonscitis"]
[Result "1-0"]
[WhiteElo "2377"]
[BlackElo "2633"]
[TimeControl "180+1"]
[EndTime "11:28:48 PDT"]
[Termination "JMatias won on time"]

1. e4 c5 2. Nf3 Nc6 3. Bb5 e6 4. Bxc6 bxc6 5. O-O d6 6. c4 e5 7. Nc3 Ne7 8. h3 Ng6 9. d3 Be7 10. Ne2 O-O 11. Be3 f5 12. exf5 Bxf5 13. Ng3 Be6 14. Ne4 Qd7 15. Kh2 Nf4 16. Ng1 Rf5 17. Ng3 Rf7 18. Qd2 Raf8 19. a3 d5 20. Rab1 d4 21. Bxf4 exf4 22. Ne4 f3 23. Nxf3 Rxf3 24. gxf3 Rxf3 25.
Rh1 Bxh3 26. Rbg1 Bf1 27. Rxf1 Bh4 28. Ng3 Qg4 29. Rhg1 Bg5 30. Qe1 Rf8 31. Qe4 Bf4 32. Kg2 h5 33. Qe2 Qc8 34. Qxh5 Qe6 35. Rh1 Bh6 36.
f4 Qe3 37. Ne4 Qxd3 38. Qg6 Qxc4 39. Rxh6 Qe2+ 40. Rf2 1-0

[Event "*** Titled Tuesday Blitz"]
[Site "Chess.com"]
[Date "2020.04.14"]
[Round "8"]
[White "Toro1234"]
[Black "Angry_Twin"]
[Result "1-0"]
[WhiteElo "2645"]
[BlackElo "2815"]
[TimeControl "180+1"]
[EndTime "11:28:49 PDT"]
[Termination "Toro1234 won by resignation"]

1. d4 Nf6 2. Bg5 d5 3. Bxf6 gxf6 4. e3 c5 5. Nc3 e6 6. Qh5 Nc6 7. Bb5 a6 8. Bxc6+ bxc6 9. Nge2 Rb8 10. b3 cxd4 11.
exd4 c5 12. O-O Qc7 13. Rad1 Bb7 14. dxc5 Bxc5 15. Qh6 Ke7 16. Na4 Rhg8 17. Nxc5 Qxc5 18. Ng3 Rg6 19. Qxh7 Qb4 20. Rfe1 Rbg8 21. c4 dxc4 22. bxc4 Qc5 23. Rb1 Qc6 24. f3 Qc5+ 25. Kh1 Bc6 26. Qh4 a5 27. Qf4 R6g7 28. Qc7+ 1-0